 Dungeon Crawl Stone Soup version 0.22.1-2-g9c5b331383 (webtiles) character file.

86159 Muschelhups the Peltast (level 15, -2/108 HPs)
             Began as a Minotaur Monk on Oct 26, 2018.
             Was the Champion of Hepliaklqana.
             Slain by a lindwurm (5 damage)
             ... on level 3 of the Swamp on Nov 12, 2018.
             The game lasted 02:42:01 (26413 turns).

Muschelhups the Peltast (Minotaur Monk)            Turns: 26413, Time: 02:42:01

Health: -2/108     AC: 14    Str: 24    XL:     15   Next: 40%
Magic:  14/14      EV: 14    Int:  7    God:    Hepliaklqana [******]
Gold:   1864       SH: 21    Dex: 15    Spells: 14/14 levels left

rFire    + . .     SeeInvis +   C - +5 war axe "Aritoocw" {freeze, rF+ MR- SInv}
rCold    . . .     Gourm    .   U - +0 large shield
rNeg     . . .     Faith    .   L - +0 swamp dragon scales
rPois    +         Spirit   .   (helmet restricted)
rElec    .         Reflect  .   v - +0 cloak
rCorr    .         Harm     .   (no gloves)
MR       .....                  (no boots)
Stlth    ++........             s - amulet of the acrobat
HPRegen  0.28/turn              p - +4 ring of strength
MPRegen  0.14/turn              g - ring of poison resistance

@: no status effects
A: retaliatory headbutt, reduced essence, horns 2, talons 1, slimy green scales
1, frail 1
a: Recall Ancestor, Ancestor Identity, Transference, Idealise, Renounce Religion


You were on level 3 of the Swamp.
You worshipped Hepliaklqana.
Hepliaklqana was exalted by your worship.
You were not hungry.

You visited 6 branches of the dungeon, and saw 23 of its levels.
You also visited: Volcano.

You collected 2184 gold pieces.
You spent 320 gold pieces at shops.

Inventory:

Hand Weapons
 C - the +5 war axe "Aritoocw" (weapon) {freeze, rF+ MR- SInv}
   (You found it on level 3 of the Lair of Beasts)

   It has been specially enchanted to freeze those struck by it, causing extra
   injury to most foes and up to half again as much damage against particularly
   susceptible opponents.
   It can also slow down cold-blooded creatures.
   It protects you from fire.
   It affects your resistance to hostile enchantments.
   It lets you see invisible.
 K - a +4 mace of freezing
Missiles
 P - 4 steel tomahawks (quivered)
Armour
 d - +0 fire dragon scales
 v - a +0 cloak (worn)
 x - a +2 buckler
 L - +0 swamp dragon scales (worn)
 N - a +0 plate armour
 U - a +0 large shield (worn)
 Y - a +2 hat
Jewellery
 g - a ring of poison resistance (right hand)
 m - an uncursed ring of stealth
 p - a +4 ring of strength (left hand)
 s - an amulet of the acrobat (around neck)
 t - an uncursed amulet of guardian spirit
 y - an uncursed amulet of harm
 D - an uncursed ring of fire
 G - an uncursed ring of protection from cold
 R - an uncursed ring of poison resistance
 W - an uncursed amulet of the gourmand
Wands
 a - a wand of acid (4)
 F - a wand of flame (42)
 M - a wand of iceblast (22)
 Q - a wand of disintegration (4)
 S - a wand of digging (7)
Scrolls
 b - a scroll of torment {unknown}
 f - 4 scrolls of magic mapping
 h - 5 scrolls of identify
 i - 3 scrolls of amnesia
 q - 8 scrolls of remove curse
 r - 2 scrolls of teleportation
 w - 2 scrolls of blinking
 B - a scroll of enchant armour
 E - 3 scrolls of enchant weapon
 H - 2 scrolls of fear
 O - 2 scrolls of vulnerability {unknown}
 V - 2 scrolls of fog {unknown}
Potions
 e - a potion of cancellation
 k - 2 potions of haste {unknown}
 l - a potion of curing
 n - a potion of brilliance
 o - 2 potions of degeneration {unknown}
 u - a potion of lignification
 z - 2 potions of magic {unknown}
 A - 3 potions of agility
 T - 2 potions of ambrosia {unknown}
 X - a potion of invisibility {unknown}
Miscellaneous
 Z - a fan of gales
Comestibles
 c - 20 rations
 j - 6 chunks of flesh


   Skills:
 + Level 13.3 Fighting
 + Level 12.1(14.8) Axes
 - Level 14.3(15.9) Maces & Flails
 + Level 6.3 Throwing
 + Level 13.6 Armour
 + Level 6.8 Dodging
 - Level 2.9 Stealth
 + Level 16.0 Shields
 + Level 0.2 Invocations
 + Level 0.7 Evocations


You had 14 spell levels left.
You didn't know any spells.
Your spell library contained the following spells:

 Spells                   Type           Power        Failure   Level  Hunger
 Animate Skeleton         Necr           N/A          90%         1    ##.....
 Apportation              Tloc           #.....       90%         1    ##.....
 Confusing Touch          Hex            #.....       90%         1    ##.....
 Flame Tongue             Conj/Fire      #....        90%         1    ##.....
 Freeze                   Ice            #...         90%         1    ##.....
 Magic Dart               Conj           #...         90%         1    ##.....
 Pain                     Necr           #...         90%         1    ##.....
 Summon Small Mammal      Summ           #...         90%         1    ##.....
 Blink                    Tloc           N/A          97%         2    ###....
 Call Imp                 Summ           #.......     97%         2    ###....
 Poisonous Vapours        Pois/Air       #.....       97%         2    ###....
 Slow                     Hex            #.......     97%         2    ###....
 Throw Flame              Conj/Fire      #.....       97%         2    ###....
 Throw Frost              Conj/Ice       #.....       97%         2    ###....
 Conjure Flame            Conj/Fire      #.......     99%         3    ####...
 Inner Flame              Hex/Fire       #.......     99%         3    ####...
 Mephitic Cloud           Conj/Pois/Air  #.......     99%         3    ####...
 Ozocubu's Armour         Chrm/Ice       #.......     99%         3    ####...
 Recall                   Summ/Tloc      N/A          99%         3    ####...
 Regeneration             Chrm/Necr      #.........   99%         3    ####...
 Vampiric Draining        Necr           #.........   99%         3    ####...
 Animate Dead             Necr           N/A          100%        4    #####..
 Ice Form                 Ice/Tmut       #.......     100%        4    #####..
 Sticky Flame             Conj/Fire      #.......     100%        4    #####..
 Summon Ice Beast         Ice/Summ       #.......     100%        4    #####..
 Throw Icicle             Conj/Ice       #.......     100%        4    #####..
 Aura of Abjuration       Summ           #.........   100%        5    ######.
 Fireball                 Conj/Fire      #.........   100%        5    ######.
 Metabolic Englaciation   Hex/Ice        #.........   100%        5    ######.
 Summon Demon             Summ           #.........   100%        5    ######.
 Summon Forest            Summ/Tloc      #.........   100%        5    ######.
 Summon Mana Viper        Hex/Summ       #.......     100%        5    ######.
 Bolt of Cold             Conj/Ice       #.........   100%        6    #######
 Freezing Cloud           Conj/Ice/Air   #.........   100%        6    #######
 Ozocubu's Refrigeration  Ice            #.........   100%        6    #######
 Shadow Creatures         Summ           N/A          100%        6    #######
 Simulacrum               Ice/Necr       #.........   100%        6    #######
 Ring of Flames           Chrm/Fire      #.........   100%        7    #######


Dungeon Overview and Level Annotations

Branches:
Dungeon (10/15)            Temple (0/1) D:6            Lair (6/6) D:10
  Swamp (3/4) Lair:4       Spider (0/4) Lair:4        Slime (1/5) Lair:6
    Orc (2/2) D:9             Elf (1/3) Orc:2

Altars:
Dithmenos
Gozag
Hepliaklqana
Kikubaaqudgha
Makhleb
Qazlal
Vehumet
Xom
Beogh

Shops:
D:7 }*   D:9 (   Orc:1 [   Orc:2 =:(*


Innate Abilities, Weirdness & Mutations

You reflexively headbutt those who attack you in melee.
You have a pair of horns on your head.
Your life essence is reduced to manifest your ancestor. (-10% HP)
You have sharp toenails.
You are partially covered in slimy green scales. (AC +2)
You are frail. (-10% HP)


Message History

Unknown command.
You hit the fire dragon. You freeze the fire dragon.
You claw the fire dragon, but do no damage.
The fire dragon is almost dead.
Unknown command.
You hit the fire dragon. You freeze the fire dragon.
Your kick misses the fire dragon. Your headbutt misses the fire dragon.
The fire dragon is almost dead.
The fire dragon breathes flames at you. The blast of flame hits you!
You resist.
* * * LOW HITPOINT WARNING * * *
Unknown command.
You slash the fire dragon! You freeze the fire dragon.
You kill the fire dragon!
Unknown command.
You hit the lindwurm. You freeze the lindwurm. You claw the lindwurm.
You headbutt the lindwurm, but do no damage.
The lindwurm is severely wounded.
You block the lindwurm's attack. The lindwurm claws you.
You die...

♣≈...÷.R≈.≈).≈♣
♣[≈≈≈)§.≈≈≈.♣.♣
♣≈.[..♣.♣♣♣≈.♣.
♣≈.≈§♣♣♣♣ ♣♣.
♣♣§♣♣♣♣ ♣§(♣
♣♣.♣ ♣k♣ ♣♣@♣
♣..♣ ♣♣♣.♣♣
♣≈≈.♣ ♣♣♣≈≈♣
♣♣≈♣ ≈. ≈.♣ ♣..


You could see a lindwurm.

Vanquished Creatures
  An acid blob (Slime:1)
  Louise (Swamp:3)
  4 fire dragons (Swamp:3)
  The ghost of mys the Cleaver, a journeyman MiAK of Lugonu (D:10)
  2 hydras
  2 ghost crabs (Swamp:3)
  A queen ant (D:8)
  7 alligators
  2 orc high priests (Orc:2)
  Urug (Lair:1)
  A deep elf knight (Orc:2)
  3 lindwurms (Swamp:3)
  2 swamp dragons (Swamp:1)
  7 orc knights
  A harpy (D:10)
  3 deep elf magi (Orc:2)
  An orc sorcerer (Orc:2)
  3 elephants (Lair:2)
  Maurice (Orc:2)
  A molten gargoyle (Volcano)
  15 spiny frogs
  2 rime drakes (Lair:6)
  5 komodo dragons
  8 trolls
  2 tyrant leeches (Swamp:2)
  Grinder (D:3)
  6 hornets
  2 polar bears
  A bog body (Swamp:1)
  3 hippogriffs
  5 dream sheep (Lair:6)
  9 blink frogs
  13 slime creatures
  12 spriggans
  A redback (Lair:4)
  3 fire elementals (Volcano)
  30 yaks
  2 basilisks (Lair:2)
  2 wyverns (D:8)
  A hungry ghost (D:9)
  A vampire mosquito (Swamp:3)
  2 soldier ants (D:8)
  4 wargs (Orc:2)
  4 swamp worms
  9 insubstantial wisps
  3 water moccasins
  9 porcupines
  8 black bears
  3 swamp drakes
  10 orc warriors
  An ice beast (D:9)
  A sky beast (D:7)
  25 wolves
  3 boggarts (Lair:6)
  8 ogres
  12 crocodiles
  A big kobold (D:8)
  13 bullfrogs
  2 scorpions
  2 troll zombies
  9 killer bees
  3 wights (D:8)
  An electric eel (Lair:4)
  4 howler monkeys
  6 crimson imps
  A bullfrog zombie (D:10)
  4 jellies
  14 orc priests
  13 orc wizards
  A bullfrog skeleton (D:6)
  5 hounds
  A centaur skeleton (D:6)
  Terence (D:3)
  Jessica (D:1)
  5 iguanas
  Natasha (thrice) (D:2)
  21 worker ants
  5 ogre zombies (D:9)
  A hound skeleton (D:5)
  3 gnolls (D:6)
  6 adders
  A shadow imp (D:10)
  An ooze (D:3)
  An adder skeleton (D:6)
  5 worms
  2 dart slugs
  5 leopard geckos
  53 orcs
  6 bats
  2 giant cockroaches
  8 goblins
  7 hobgoblins
  15 jackals
  2 quokkas
  A ball python (D:3)
  10 frilled lizards
  A hobgoblin zombie (D:9)
  A jackal zombie (D:6)
  14 kobolds
  4 orc skeletons (D:9)
  11 orc zombies (D:9)
  A quokka skeleton (D:4)
  11 rats
  A bush (D:10)
  4 fungi
  2 plants
566 creatures vanquished.

Vanquished Creatures (collateral kills)
  2 alligators (Swamp:2)
  2 orc high priests (Orc:2)
  A deep elf knight (Orc:2)
  2 lindwurms (Swamp:3)
  2 orc sorcerers (Orc:2)
  A cyclops (Orc:1)
  3 spiny frogs
  4 komodo dragons
  2 rime drakes (Lair:6)
  A polar bear (Lair:6)
  2 jumping spiders (Lair:4)
  5 blink frogs
  3 tyrant leeches
  7 hornets
  3 hippogriffs
  6 slime creatures
  A bog body (Swamp:2)
  A dream sheep (Lair:6)
  A wraith (D:10)
  5 spriggans
  2 basilisks
  9 yaks
  A vampire mosquito (Swamp:3)
  A hungry ghost (D:9)
  6 insubstantial wisps
  3 soldier ants (D:8)
  3 swamp worms
  A porcupine (D:10)
  5 water moccasins
  4 black bears
  A hornet zombie (D:7)
  2 swamp drakes (Swamp:2)
  A sky beast (D:10)
  14 orc warriors
  2 phantoms
  6 ogres
  A centaur (D:8)
  10 wolves
  4 crocodiles
  4 bullfrogs
  An earth elemental (Orc:2)
  3 scorpions
  A killer bee (D:7)
  An electric eel (Lair:4)
  A crimson imp (D:7)
  3 howler monkeys
  A bullfrog zombie (D:5)
  A centaur skeleton (D:10)
  A hound (D:8)
  Crazy Yiuf (D:3)
  5 orc priests
  A jelly (D:8)
  8 orc wizards
  2 iguanas
  10 worker ants
  An ogre zombie (D:9)
  4 adders
  2 shadow imps
  An adder zombie (D:5)
  A worm (D:3)
  A leopard gecko (D:4)
  29 orcs
  A giant cockroach (D:5)
  A quokka (D:9)
  2 goblin zombies (D:9)
  A hobgoblin skeleton (D:9)
  2 hobgoblin zombies (D:9)
  4 orc zombies (D:9)
  A quokka skeleton (D:4)
  A bush (Lair:3)
  A fungus (Lair:4)
  8 plants
235 creatures vanquished.

Vanquished Creatures (others)
  A swamp drake (Swamp:3)
  An orc priest (Orc:2)
  2 orc wizards (Orc:2)
  27 battlemagi
  2 orcs (Orc:2)
  3 fungi
  2 plants
38 creatures vanquished.

Grand Total: 839 creatures vanquished

Notes
Turn   | Place    | Note
-------+----------+-------------------------------------------
     0 | D:1      | Muschelhups the Minotaur Monk began the quest for the Orb.
     0 | D:1      | Reached XP level 1. HP: 19/19 MP: 0/0
   164 | D:1      | Reached XP level 2. HP: 16/27 MP: 1/1
   962 | D:2      | Reached XP level 3. HP: 33/33 MP: 2/2
  1125 | D:2      | Noticed Jessica
  1192 | D:1      | Killed Jessica
  1192 | D:1      | Reached XP level 4. HP: 15/41 MP: 3/3
  1447 | D:2      | Gained mutation: You do not regenerate when monsters are
                  | visible. [potion of mutation]
  1447 | D:2      | Gained mutation: Potions are less effective at restoring
                  | your health. [potion of mutation]
  1447 | D:2      | Gained mutation: You are partially covered in slimy green
                  | scales. (AC +2) [potion of mutation]
  1448 | D:2      | Lost mutation: You do not regenerate when monsters are
                  | visible. [potion of mutation]
  1448 | D:2      | Lost mutation: Potions are less effective at restoring your
                  | health. [potion of mutation]
  1448 | D:2      | Gained mutation: You are frail. (-10% HP) [potion of
                  | mutation]
  1448 | D:2      | Gained mutation: You have sharp toenails. [potion of
                  | mutation]
  1473 | D:2      | Noticed Natasha
  1477 | D:2      | Killed Natasha
  1477 | D:2      | Reached skill level 5 in Maces & Flails
  1477 | D:2      | Reached skill level 1 in Shields
  1482 | D:2      | Noticed Natasha
  1491 | D:2      | Killed Natasha
  1491 | D:2      | Reached skill level 1 in Armour
  1536 | D:2      | Reached XP level 5. HP: 42/42 MP: 4/4
  1647 | D:2      | Noticed Natasha
  1655 | D:2      | Killed Natasha
  1877 | D:3      | Noticed Terence
  1884 | D:3      | Killed Terence
  1884 | D:3      | Reached skill level 2 in Shields
  2004 | D:3      | Found a faded altar of an unknown god.
  2023 | D:3      | Noticed Grinder
  2042 | D:3      | HP: 2/42 [Grinder (4)]
  2049 | D:3      | Killed Grinder
  2049 | D:3      | Reached skill level 5 in Fighting
  2049 | D:3      | Reached skill level 3 in Shields
  2049 | D:3      | Reached XP level 6. HP: 5/50 MP: 5/5
  2057 | D:3      | Became a worshipper of Hepliaklqana the Forgotten
  2057 | D:3      | Reached * piety under Hepliaklqana
  2057 | D:3      | Reached ** piety under Hepliaklqana
  2523 | D:3      | Found a runed door.
  2527 | D:3      | Noticed Crazy Yiuf
  2534 | D:3      | Killed Crazy Yiuf
  2773 | D:4      | Reached XP level 7. HP: 22/48 MP: 6/6
  2943 | D:4      | Found a shadowy altar of Dithmenos.
  2967 | D:4      | Reached skill level 4 in Shields
  3001 | D:4      | Reached *** piety under Hepliaklqana
  3665 | D:5      | Entered Level 5 of the Dungeon
  3682 | D:5      | Reached skill level 5 in Armour
  4015 | D:5      | Found an ancient bone altar of Kikubaaqudgha.
  4105 | D:5      | Reached skill level 5 in Shields
  4190 | D:5      | Reached XP level 8. HP: 55/55 MP: 7/7
  4376 | D:6      | Found a staircase to the Ecumenical Temple.
  4422 | D:6      | Reached skill level 1 in Throwing
  4503 | D:6      | Reached skill level 6 in Shields
  4649 | D:6      | Remembered your ancestor Nefertarius as a battlemage
  4811 | D:6      | Reached **** piety under Hepliaklqana
  4901 | D:7      | Reached XP level 9. HP: 17/62 MP: 8/8
  5023 | D:7      | Reached skill level 7 in Shields
  5129 | D:7      | Found Fietoufam's Gadget Emporium.
  5513 | D:7      | Found Gozag's Platinum Reserve.
  5513 | D:7      | Found an opulent altar of Gozag.
  5924 | D:8      | Reached skill level 8 in Shields
  6175 | D:8      | Reached skill level 10 in Maces & Flails
  6182 | D:8      | Reached ***** piety under Hepliaklqana
  6261 | D:8      | Reached XP level 10. HP: 36/70 MP: 9/9
  6485 | D:8      | Noticed a queen ant
  6502 | D:8      | Killed a queen ant
  6502 | D:8      | Reached skill level 9 in Shields
  7411 | D:8      | Found a shimmering altar of Xom.
  7418 | D:8      | Found a radiant altar of Vehumet.
  7420 | D:8      | Found a burning altar of Makhleb.
  7710 | D:9      | Found a staircase to the Orcish Mines.
  7777 | D:9      | Paralysed by fainting for 7 turns
  7925 | Orc:1    | Entered Level 1 of the Orcish Mines
  7950 | Orc:1    | Reached XP level 11. HP: 66/77 MP: 10/10
  8227 | Orc:1    | Reached skill level 10 in Shields
  8230 | Orc:1    | Noticed an orc knight
  8243 | Orc:1    | Killed an orc knight
  8542 | Orc:1    | Found a radiant altar of Vehumet.
  8581 | Orc:1    | Found Raquy's Antique Armour Emporium.
  8581 | Orc:1    | Noticed an orc knight
  8632 | D:9      | Killed an orc knight
  8659 | D:9      | Reached skill level 5 in Dodging
  9443 | Orc:1    | Found a roughly hewn altar of Beogh.
  9617 | Orc:2    | Entered Level 2 of the Orcish Mines
  9617 | Orc:2    | Found a staircase to the Elven Halls.
  9617 | Orc:2    | Noticed an orc knight
 10049 | Orc:2    | Noticed Maurice
 10085 | Orc:2    | Killed Maurice
 10096 | Orc:2    | Noticed an orc high priest
 10103 | Orc:2    | Noticed a soul eater
 10137 | Orc:2    | Reached skill level 10 in Armour
 10139 | Orc:2    | Noticed a sixfirhy
 10146 | Orc:2    | HP: 1/79 [smoke demon/divine providence[an orc high priest]
                  | (8)]
 10488 | Orc:2    | Killed an orc high priest
 10518 | Orc:1    | Killed an orc knight
 10518 | Orc:1    | Reached skill level 10 in Fighting
 10518 | Orc:1    | Reached skill level 11 in Shields
 10930 | Elf:1    | Entered Level 1 of the Elven Halls
 10930 | Elf:1    | Noticed a deep elf archer
 10930 | Elf:1    | Noticed a deep elf mage
 10930 | Elf:1    | Noticed a deep elf archer
 10930 | Elf:1    | Noticed a deep elf mage
 10930 | Elf:1    | Noticed a deep elf mage
 10930 | Elf:1    | Noticed a deep elf mage
 10930 | Elf:1    | Noticed a deep elf mage
 10930 | Elf:1    | Noticed a deep elf mage
 10930 | Elf:1    | Noticed a deep elf knight
 10931 | Elf:1    | Noticed a deep elf mage
 10932 | Orc:2    | Noticed an orc knight
 10938 | Orc:2    | Killed a deep elf mage
 10941 | Orc:2    | Killed a deep elf mage
 10948 | Orc:2    | Killed an orc knight
 10948 | Orc:2    | Reached XP level 12. HP: 44/84 MP: 11/11
 12142 | Orc:2    | Noticed an orc high priest
 12142 | Orc:2    | Noticed an orc high priest
 12535 | Orc:2    | Killed an orc high priest
 12542 | Orc:2    | Killed an orc high priest
 12583 | Orc:2    | Paralysed by an orc sorcerer for 2 turns
 12583 | Orc:2    | Noticed an orc high priest
 12597 | Orc:2    | Killed an orc high priest
 12597 | Orc:2    | Reached skill level 12 in Shields
 12607 | Orc:2    | Paralysed by an orc sorcerer for 3 turns
 12613 | Orc:2    | Paralysed by an orc sorcerer for 6 turns
 12630 | Orc:2    | Paralysed by an orc sorcerer for 7 turns
 13062 | Orc:2    | Found Irobuiby's Book Shop.
 13062 | Orc:2    | Found Sigi's Jewellery Emporium.
 13064 | Orc:2    | Found Doih's Assorted Antiques.
 13064 | Orc:2    | Found Soduc's Antique Weapon Emporium.
 13079 | Orc:2    | Bought an uncursed ring of poison resistance for 320 gold
                  | pieces
 13486 | D:9      | Found Pyitaf's Weapon Shoppe.
 13611 | D:10     | Entered Level 10 of the Dungeon
 13647 | D:10     | Found a transporter.
 13651 | D:10     | Found a transporter.
 13652 | D:10     | Noticed mys's ghost (journeyman MiAK)
 14042 | D:10     | Upgraded the game from 0.22.1-1-ga44c0e56f4 to
                  | 0.22.1-2-g9c5b331383
 14174 | D:10     | Found a staircase to the Lair.
 14415 | Lair:1   | Entered Level 1 of the Lair of Beasts
 14534 | Lair:1   | Reached skill level 13 in Shields
 14675 | Lair:1   | Reached skill level 5 in Throwing
 14682 | Lair:1   | Reached XP level 13. HP: 82/92 MP: 12/12
 14904 | Lair:1   | Noticed Urug
 14922 | Lair:1   | Killed Urug
 16601 | Lair:3   | Reached skill level 14 in Shields
 16683 | Lair:3   | Reached ****** piety under Hepliaklqana
 16866 | Lair:3   | Got a translucent leather armour
 16946 | Lair:3   | Got a jewelled war axe
 17004 | Lair:3   | Got a jewelled scimitar
 17339 | Lair:4   | Found a hole to the Spider Nest.
 17391 | Lair:4   | Identified the +5 war axe "Aritoocw" {freeze, rF+ MR- SInv}
                  | (You found it on level 3 of the Lair of Beasts)
 17542 | Lair:4   | HP: 4/93 [komodo dragon (15)]
 17916 | Lair:4   | Found a staircase to the Swamp.
 17941 | Swamp:1  | Entered Level 1 of the Swamp
 17957 | Lair:4   | Reached skill level 1 in Axes
 18712 | Lair:5   | Found a dark tunnel.
 18720 | Volcano  | Entered a volcano
 19379 | Lair:6   | Entered Level 6 of the Lair of Beasts
 19522 | Lair:6   | Reached XP level 14. HP: 63/100 MP: 13/13
 19532 | Lair:6   | Reached skill level 5 in Axes
 20015 | Lair:6   | Found a staircase to the Slime Pits.
 20140 | Lair:6   | Reached skill level 15 in Shields
 20181 | Lair:6   | HP: 3/101 [spriggan rider/uncursed spear (6)]
 21292 | Slime:1  | Entered Level 1 of the Pits of Slime
 21755 | Slime:1  | Noticed an acid blob
 22121 | Slime:1  | Killed an acid blob
 22682 | D:10     | Killed mys's ghost
 23675 | Swamp:1  | Reached skill level 10 in Axes
 24692 | Swamp:2  | Reached XP level 15. HP: 102/102 MP: 14/14
 24957 | Swamp:2  | Found a stormy altar of Qazlal.
 25528 | Swamp:3  | HP: 1/103 [swamp worm/harpoon shot (9)]
 25956 | Swamp:3  | Noticed Louise
 25978 | Swamp:3  | Killed Louise
 26397 | Swamp:3  | Reached skill level 16 in Shields
 26411 | Swamp:3  | HP: 3/108 [fire dragon/blast of flame (20)]
 26413 | Swamp:3  | Slain by a lindwurm

Skill      XL: |  1  2  3  4  5  6  7  8  9 10 11 12 13 14 15 |
---------------+----------------------------------------------+-----
Maces & Flails | 4 5 6 7 8 10 11 13 14 | 14.3
Fighting       | 4 5 6 7 9 10 11 12 13 | 13.3
Shields        | 1 3 5 6 8 9 11 13 14 15 16 | 16.0
Armour         | 1 3 5 6 8 10 11 12 13 | 13.6
Stealth        | 2 |  2.9
Dodging        | 4 5 6 |  6.8
Throwing       | 1 2 4 5 6 |  6.3
Axes           | 4 10 12 | 12.1
Invocations    | |  0.2
Evocations     | |  0.7

Action                   |  1- 3 |  4- 6 |  7- 9 | 10-12 | 13-15 || total
-------------------------+-------+-------+-------+-------+-------++-------
Melee: Mace              |    88 |   133 |   300 |   796 |   253 ||  1570
       Headbutt          |    14 |    21 |    59 |   172 |   179 ||   445
       Kick              |       |    30 |    82 |   246 |   290 ||   648
       War axe           |       |       |       |       |   545 ||   545
Throw: Tomahawk          |       |       |    17 |    50 |    15 ||    82
       Javelin           |       |       |       |       |    32 ||    32
Invok: Ancestor Life: Ba |       |       |     1 |       |       ||     1
       Ancestor Identity |       |       |       |     4 |       ||     4
       Recall Ancestor   |       |       |       |     1 |       ||     1
       Idealise          |       |       |       |     1 |       ||     1
Evoke: Wand              |       |       |       |     1 |       ||     1
  Use: Potion            |       |     7 |     2 |     6 |    10 ||    25
       Scroll            |       |     3 |     2 |     5 |    22 ||    32
 Stab: Sleeping          |     2 |       |       |       |       ||     2
       Distracted        |       |       |     1 |     5 |    13 ||    19
       Confused          |       |       |       |       |     1 ||     1
  Eat: Chunk             |     1 |     5 |     5 |    12 |    14 ||    37
       Ration            |       |       |     2 |     5 |     7 ||    14
Armor: Ring mail         |    10 |       |       |       |       ||    10
       Robe              |     2 |       |       |       |       ||     2
       Chain mail        |    31 |    72 |   119 |    80 |       ||   302
       Plate armour      |       |       |       |   169 |   212 ||   381
       Skin              |       |       |       |     8 |     2 ||    10
       Swamp dragon scal |       |       |       |       |    39 ||    39
Dodge: Dodged            |    30 |    24 |    87 |   255 |   276 ||   672
Block: Shield            |    34 |    52 |   164 |   448 |   426 ||  1124
       Large shield      |       |       |       |       |   135 ||   135
